Map: [ESL] Gresvan

Players

HeroMarine - Winner!

  • Race: Terran Terran
  • Spawn Location: 5:00

Spirit

  • Race: Terran Terran
  • Spawn Location: 11:00

Event: ESL SC2 Masters 2023 Summer (Finals)

VOD

Have the link to the VOD?

Description

Time

  • Played on: June 17, 2023, 7:18 a.m.
  • Length: 17:22

All games in this series

Show
View Real Time Build Order
Export as new Build Order

HeroMarine Terran - Winner!

Build Orders: Reaper Expand 

Get SALT Encoding   

  12  0:00  SCV  
  13  0:12  SCV  
  14  0:16  Supply Depot  
  14  0:24  SCV  
  15  0:38  SCV  
  15  0:39  Barracks  
  16  0:42  Refinery  
  16  0:50  SCV  
  17  1:02  SCV  
  18  1:14  SCV  
  19  1:26  Orbital Command, Reaper  
  20  1:44  Command Center  
  20  1:52  SCV  
  20  1:53  Supply Depot  
  21  1:58  Marine  
  22  2:04  SCV  
  22  2:08  Factory  
  23  2:16  SCV  
  23  2:17  Marine  
  23  2:20  Refinery  
  25  2:24  Bunker  
  25  2:28  SCV  
  26  2:35  Marine  
  27  2:40  SCV  
  28  2:52  Hellion, SCV  
  28  2:53  Starport  
  28  2:54  Barracks Reactor  
  31  3:00  Orbital Command  
  31  3:04  SCV  
  32  3:13  Factory Tech Lab  
  32  3:17  SCV  
  33  3:26  SCV  
  34  3:27  Refinery  
  34  3:29  SCV  
  34  3:30  Marine x2  
  37  3:35  Raven  
  37  3:37  Factory Tech Lab  
  37  3:38  SCV, Supply Depot  
  37  3:41  SCV  
  41  3:48  Marine x2  
  43  3:50  SCV  
  43  3:53  SCV  
  45  4:00  Siege Tank  
  48  4:05  Marine  
  48  4:06  Marine  
  48  4:07  SCV x2  
  48  4:09  Supply Depot  
  52  4:13  Raven  
  49  4:19  SCV x2  
  49  4:23  Marine x2  
  52  4:31  SCV x2  
  53  4:33  Siege Tank  
  56  4:39  Supply Depot  
  56  4:43  SCV x2  
  54  4:55  SCV x2  
  54  4:57  Viking x2  
  54  4:58  Supply Depot  
  54  4:59  Marine  
  61  5:07  SCV x2  
  61  5:08  Siege Tank  
  66  5:14  Supply Depot  
  66  5:17  Marine  
  66  5:19  SCV x2  
  69  5:27  Viking x2  
  72  5:31  SCV x2  
  74  5:38  Marine  
  74  5:41  Siege Tank  
  78  5:43  SCV  
  78  5:44  SCV  
  78  5:45  Supply Depot  
  80  5:52  Command Center  
  80  5:56  SCV x2  
  82  6:01  Viking  
  84  6:05  Viking  
  84  6:09  SCV x2  
  88  6:13  Marine  
  87  6:21  SCV x2  
  89  6:31  Marine, Viking  
  92  6:33  SCV x2  
  94  6:49  Supply Depot  
  94  6:50  Supply Depot  
  94  7:02  Marine  
  94  7:04  SCV x2, Viking, Siege Tank  
  94  7:05  Viking  
  91  7:12  SCV  
  82  7:16  SCV x2  
  82  7:20  Marine  
  82  7:21  Barracks  
  83  7:24  Barracks  
  83  7:28  SCV x2  
  83  7:29  Engineering Bay, Refinery  
  76  7:30  Engineering Bay  
  76  7:33  Orbital Command  
  76  7:34  Viking  
  77  7:38  Marine  
  77  7:42  Viking  
  77  7:43  Stimpack, Siege Tank  
  74  7:46  SCV x2  
  76  7:56  Marine  
  76  7:57  Orbital Command, Bunker  
  77  7:58  Barracks  
  77  8:01  Barracks  
  77  8:02  SCV  
  77  8:03  SCV  
  79  8:05  Terran Infantry Weapons Level 1, Terran Infantry Armor Level 1  
  79  8:09  Viking  
  79  8:10  Barracks Reactor  
  79  8:11  Barracks Reactor  
  81  8:14  SCV, Marine  
  81  8:15  SCV  
  84  8:23  SCV  
  84  8:24  Missile Turret  
  84  8:25  Missile Turret  
  84  8:26  SCV  
  86  8:27  SCV  
  86  8:28  Refinery x2  
  86  8:30  Siege Tank  
  92  8:37  SCV  
  92  8:38  SCV  
  92  8:39  SCV  
  95  8:42  Marine  
  95  8:46  Barracks Reactor  
  95  8:48  Marine x3, Barracks Reactor, Supply Depot  
  96  8:49  Marine  
  96  8:50  SCV  
  96  8:52  SCV x2  
  96  8:53  Supply Depot  
  96  8:54  Medivac  
  105  8:57  Medivac  
  105  9:00  Marine  
  106  9:04  Sensor Tower  
  106  9:06  Marine x4, Command Center  
  110  9:10  Siege Tank  
  110  9:12  SCV  
  110  9:13  SCV x2  
  116  9:18  Marine  
  116  9:23  Combat Shield  
  116  9:24  Marine x4  
  117  9:26  Marine x4  
  117  9:27  Supply Depot  
  117  9:28  Viking  
  117  9:29  Viking  
  129  9:35  Supply Depot  
  129  9:36  Marine, Armory  
  133  9:41  SCV x3  
  133  9:42  Marine x4  
  133  9:44  Siege Tank  
  133  9:45  Marine  
  141  9:54  Marine x4  
  141  9:59  Marine x2  
  145  10:00  Marine x2, Supply Depot  
  145  10:01  Supply Depot  
  145  10:04  Medivac  
  145  10:05  Medivac  
  145  10:06  Factory  
  153  10:08  Marine, SCV  
  153  10:10  SCV  
  153  10:11  Marine  
  151  10:17  Marine x2  
  151  10:18  Marine, Siege Tank  
  151  10:19  Marine x4  
  161  10:25  Marine  
  161  10:26  Terran Infantry Weapons Level 2  
  162  10:29  Marine  
  162  10:30  Terran Infantry Armor Level 2  
  162  10:31  Terran Vehicle Weapons Level 1  
  162  10:34  SCV x2  
  162  10:35  Marine x3  
  165  10:37  SCV, Marine x3  
  172  10:46  SCV x2  
  172  10:47  Sensor Tower  
  172  10:48  Marine x2  
  172  10:49  SCV  
  178  10:53  Marine  
  178  10:57  Medivac x2  
  178  10:58  SCV  
  178  10:59  SCV  
  178  11:02  Barracks Reactor  
  178  11:03  Marine x2  
  186  11:04  Marine  
  187  11:20  Marine  
  187  11:21  Planetary Fortress  
  187  11:22  Refinery  
  187  11:23  Refinery  
  188  11:32  Supply Depot  
  188  11:34  Marine, Viking x2, Siege Tank  
  196  11:47  Command Center  
  196  11:50  Missile Turret  
  196  11:52  Missile Turret  
  196  11:53  Marine x4  
  200  11:58  Marine x2  
  200  11:59  Marine, Siege Tank  
  182  12:05  Viking x2  
  182  12:06  Marine x2, Siege Tank  
  182  12:07  Marine  
  179  12:11  Marine  
  178  12:15  Marine x2  
  178  12:16  Starport  
  178  12:17  Starport  
  178  12:18  Marine x2  
  178  12:20  Marine x2  
  184  12:24  Marine x2  
  184  12:25  Marine, Command Center  
  184  12:29  Marine  
  188  12:31  Siege Tank  
  188  12:33  Marine x2  
  188  12:35  Marine x2  
  195  12:37  Marine  
  195  12:38  Siege Tank  
  180  12:45  Viking x2  
  180  12:47  Marine  
  180  12:48  Marine x2  
  178  12:53  Marine x2  
  178  12:54  Starport Reactor x2  
  178  12:55  Terran Vehicle Weapons Level 2  
  178  12:56  Armory  
  182  13:04  Siege Tank  
  181  13:08  Terran Infantry Weapons Level 3, Terran Infantry Armor Level 3  
  181  13:10  Barracks Reactor, Siege Tank  
  181  13:11  Barracks Reactor  
  184  13:15  Viking x3  
  184  13:16  Viking  
  184  13:19  Viking  
  194  13:22  Refinery  
  194  13:23  Viking  
  194  13:24  Refinery  
  196  13:30  Planetary Fortress  
  196  13:46  Orbital Command  
  196  13:49  Command Center  
  196  13:51  Viking x3  
  196  13:52  Marine x2  
  197  14:02  Viking  
  185  14:10  Viking x2  
  185  14:12  Terran Vehicle And Ship Armor Level 1  
  185  14:15  Fusion Core  
  176  14:20  Viking, Sensor Tower  
  176  14:21  Viking x2  
  182  14:31  Liberator  
  185  14:40  Viking x2  
  189  14:45  Command Center  
  189  14:50  Viking  
  189  14:51  Viking  
  193  14:57  Viking  
  187  15:10  Viking  
  189  15:18  Advanced Ballistics  
  189  15:19  Viking x2  
  189  15:20  Viking  
  189  15:21  Viking  
  192  15:23  Terran Ship Weapons Level 1  
  192  15:26  Liberator  
  187  15:41  Orbital Command  
  182  15:50  Viking x3  
  182  15:51  Command Center  
  188  16:04  Marine x2, Siege Tank x2  
  167  16:12  Viking x2  
  167  16:15  Viking  
  167  16:16  Marine x2  
  175  16:36  Siege Tank x2  
  181  16:43  Viking x2  
  181  16:44  Viking x3  
  181  16:45  Viking  
  159  17:07  Starport  
  159  17:08  Starport  
Show
View Real Time Build Order
Export as new Build Order

Spirit Terran 

Build Orders:  

Get SALT Encoding   

  12  0:00  SCV  
  13  0:12  SCV  
  14  0:17  Supply Depot  
  14  0:24  SCV  
  15  0:38  SCV  
  15  0:40  Barracks  
  16  0:44  Refinery  
  16  0:50  SCV  
  16  0:52  Refinery  
  17  1:03  SCV  
  18  1:15  SCV  
  19  1:27  Orbital Command, Reaper  
  20  1:34  Supply Depot  
  20  1:41  Factory  
  20  1:53  SCV  
  21  1:59  Barracks Reactor  
  21  2:05  SCV  
  22  2:19  Command Center  
  22  2:30  Starport  
  22  2:32  Supply Depot  
  22  2:35  SCV  
  23  2:40  Hellion  
  23  2:41  Hellion  
  27  2:47  SCV  
  28  2:59  SCV  
  28  3:02  Hellion  
  28  3:03  Hellion  
  33  3:06  Medivac  
  33  3:07  Barracks Tech Lab  
  33  3:11  SCV  
  36  3:23  SCV  
  37  3:27  Refinery  
  37  3:31  Cyclone  
  37  3:33  Orbital Command  
  40  3:36  SCV  
  40  3:39  Starport Tech Lab  
  41  3:42  Marine  
  41  3:45  Marine  
  41  3:48  SCV  
  44  3:58  Supply Depot  
  44  4:00  SCV  
  44  4:01  Raven  
  44  4:02  SCV  
  47  4:12  SCV  
  47  4:13  Siege Tank  
  47  4:14  SCV  
  52  4:17  Marine  
  51  4:24  SCV  
  51  4:26  SCV  
  51  4:28  Marine  
  54  4:34  Supply Depot  
  54  4:35  Marine  
  54  4:36  Raven, SCV  
  58  4:39  SCV  
  58  4:41  Supply Depot  
  57  4:46  Marine  
  57  4:48  SCV  
  57  4:51  SCV  
  60  4:53  Marine  
  60  4:55  Siege Tank  
  62  5:00  SCV  
  62  5:03  Command Center  
  62  5:04  SCV  
  64  5:12  SCV  
  65  5:16  SCV  
  66  5:23  Viking x2  
  66  5:25  SCV  
  66  5:26  Supply Depot  
  69  5:34  Siege Tank  
  72  5:35  Bunker  
  72  5:43  SCV  
  72  5:47  Supply Depot  
  72  5:48  SCV, Supply Depot  
  74  5:53  Viking x2  
  74  5:55  Stimpack  
  74  5:56  SCV  
  79  6:00  SCV  
  79  6:01  Refinery  
  80  6:08  SCV  
  81  6:11  Siege Tank  
  81  6:12  SCV  
  84  6:23  SCV x2, Viking  
  88  6:27  Viking  
  88  6:28  Barracks  
  88  6:30  Barracks, SCV  
  89  6:35  SCV  
  88  6:43  Siege Tank  
  88  6:44  SCV, Marine  
  88  6:46  Orbital Command  
  93  6:49  SCV  
  93  6:53  Viking  
  95  6:56  SCV  
  95  7:01  Viking  
  96  7:04  Marine  
  96  7:05  SCV  
  90  7:08  SCV  
  90  7:13  SCV  
  77  7:17  SCV  
  77  7:18  Siege Tank  
  77  7:19  Marine x2  
  77  7:20  SCV  
  77  7:21  Marine  
  83  7:23  Viking  
  83  7:25  SCV  
  84  7:31  SCV  
  84  7:36  SCV  
  85  7:39  Marine  
  85  7:40  Orbital Command  
  85  7:43  Viking  
  86  7:48  SCV  
  86  7:49  Engineering Bay  
  86  7:50  Engineering Bay, Siege Tank  
  88  7:52  SCV  
  88  7:57  Marine, Barracks Reactor  
  90  8:00  SCV  
  90  8:04  Barracks Reactor  
  90  8:05  SCV x2  
  92  8:12  SCV  
  94  8:14  Combat Shield  
  94  8:16  Marine  
  94  8:17  SCV  
  94  8:18  SCV  
  97  8:23  Refinery x2  
  97  8:24  Terran Infantry Weapons Level 1, SCV  
  98  8:29  SCV  
  98  8:31  Barracks, SCV  
  98  8:32  Barracks  
  98  8:33  Marine x2  
  102  8:34  Marine  
  102  8:37  Terran Infantry Armor Level 1  
  103  8:43  Marine  
  103  8:44  Marine  
  105  8:49  SCV  
  105  8:50  Supply Depot  
  105  8:51  Marine x2, Siege Tank  
  105  8:54  Medivac  
  105  8:55  Marine  
  114  8:58  Supply Depot  
  114  9:00  Marine, Command Center  
  114  9:01  Marine, Supply Depot  
  116  9:03  Supply Depot  
  116  9:04  SCV  
  117  9:11  Marine x2, Medivac, SCV x2  
  117  9:12  Marine  
  117  9:16  SCV, Armory  
  125  9:17  Sensor Tower  
  125  9:20  Marine x2  
  125  9:21  Barracks Reactor  
  125  9:22  Barracks Reactor  
  125  9:24  SCV, Supply Depot  
  128  9:25  SCV  
  128  9:26  Supply Depot  
  128  9:29  Marine x2  
  133  9:31  Siege Tank  
  133  9:32  Marine  
  133  9:34  SCV  
  133  9:36  SCV  
  133  9:37  Marine  
  137  9:38  SCV  
  137  9:39  Marine  
  137  9:43  Medivac  
  137  9:45  Medivac  
  143  9:47  SCV, Marine x2  
  143  9:50  Marine  
  147  9:55  Marine, SCV x2  
  147  9:56  Factory  
  147  9:57  Supply Depot  
  147  9:58  Refinery  
  147  9:59  Marine x2, Refinery  
  152  10:00  Marine  
  152  10:03  Marine  
  152  10:04  SCV  
  152  10:05  Marine x2  
  157  10:11  Marine, SCV  
  149  10:15  Planetary Fortress  
  149  10:16  Marine  
  149  10:18  Siege Tank  
  149  10:19  Marine x4  
  152  10:21  Terran Infantry Weapons Level 2  
  152  10:24  Marine  
  152  10:25  Marine x2  
  152  10:26  SCV  
  156  10:29  Marine  
  156  10:31  Terran Vehicle Weapons Level 1  
  156  10:34  Marine, Supply Depot  
  158  10:37  Marine x2  
  158  10:40  Marine  
  158  10:41  Factory Tech Lab  
  162  10:43  Liberator  
  162  10:44  Liberator  
  162  10:45  Terran Infantry Armor Level 2  
  162  10:49  Supply Depot  
  167  10:50  Siege Tank  
  167  10:52  Marine  
  167  10:54  Command Center  
  171  10:57  Marine  
  171  10:59  Marine  
  171  11:01  Marine x6  
  176  11:09  Siege Tank  
  176  11:10  Marine  
  179  11:14  Bunker  
  179  11:15  Marine  
  180  11:18  Marine  
  180  11:20  Command Center, Supply Depot  
  180  11:25  Sensor Tower  
  180  11:27  Marine  
  180  11:37  Starport, Supply Depot, Marine x3  
  180  11:38  Starport, Siege Tank  
  188  11:41  Marine, Siege Tank, Supply Depot  
  188  11:42  Viking  
  196  11:49  Viking  
  194  11:54  Armory  
  194  11:55  Fusion Core  
  194  11:58  Starport  
  164  12:07  Marine x7  
  155  12:10  Siege Tank  
  155  12:12  Viking  
  155  12:14  Starport Reactor x2  
  160  12:19  Viking  
  160  12:21  Missile Turret  
  162  12:24  Missile Turret  
  162  12:25  Missile Turret  
  162  12:26  Missile Turret, Siege Tank  
  162  12:29  Terran Vehicle Weapons Level 2  
  165  12:38  Viking  
  165  12:42  Viking  
  151  12:49  Viking  
  147  12:51  Liberator  
  147  12:54  Advanced Ballistics  
  147  12:57  Bunker  
  150  13:01  Terran Infantry Weapons Level 3  
  150  13:08  Viking  
  150  13:12  Viking  
  154  13:16  Terran Vehicle And Ship Armor Level 1  
  154  13:18  Terran Infantry Armor Level 3  
  154  13:19  Viking  
  156  13:22  Planetary Fortress  
  156  13:23  Missile Turret, Refinery  
  156  13:26  Refinery  
  156  13:30  Viking  
  156  13:31  Missile Turret  
  158  13:34  Viking  
  158  13:39  Marine x9, Viking  
  171  13:45  Viking  
  173  13:56  Marine  
  173  13:57  Marine x6, Viking  
  173  13:59  Viking  
  173  14:02  Missile Turret, Siege Tank  
  184  14:04  Missile Turret  
  184  14:08  Smart Servos  
  175  14:12  SCV x3  
  175  14:13  Marine  
  175  14:14  Liberator x2  
  175  14:15  SCV  
  178  14:24  SCV  
  178  14:25  Marine, Viking, Missile Turret  
  178  14:26  Marine  
  178  14:27  Missile Turret  
  178  14:28  Marine  
  184  14:32  Marine  
  185  14:40  Marine  
  185  14:42  Liberator  
  192  14:46  Missile Turret  
  192  14:50  Missile Turret  
  192  14:52  Command Center  
  192  14:54  Liberator  
  192  14:58  Terran Ship Weapons Level 1  
  181  15:02  Marine x4  
  181  15:03  Viking  
  181  15:09  Marine x4  
  184  15:20  Marine x3  
  187  15:22  SCV  
  187  15:23  SCV x2  
  187  15:24  Marine  
  188  15:29  Starport  
  188  15:32  Starport, Viking  
  188  15:34  SCV  
  188  15:44  Starport Reactor  
  188  15:51  Supply Depot  
  188  15:52  Viking  
  188  15:55  Command Center  
  186  16:02  Viking  
  151  16:15  Starport Reactor x2  
  151  16:17  Starport  
  151  16:22  Viking  
  153  16:26  Command Center  
  153  16:27  Viking  
  153  16:32  Viking  
  157  16:40  Command Center  
  157  16:41  Command Center  
  152  16:51  Viking  
  152  16:52  Viking  
  126  17:03  Marine x8  
Tags
 
Add a new tag
Caveats
  • Supply blocks, unpowered buildings, or Contaminate may cause inaccurate times.
  • Supply counts are checked every 10 seconds.